 Dungeon Crawl Stone Soup version 0.24.0-13-gcf9b319 (webtiles) character file.

Game seed: 12952406261103466121, levelgen mode: deterministic

1325155 LetsPracticeChieb the Slayer (level 27, 0/193 HPs)
             Began as a Gargoyle Gladiator on May 15, 2020.
             Was the Champion of Cheibriados.
             Killed from afar by a lich (79 damage)
             ... with a crystal spear
             ... on level 2 of the Tomb of the Ancients on May 17, 2020.
             The game lasted 10:16:21 (85290 turns).

LetsPracticeChieb the Slayer (Gargoyle Gladiator)  Turns: 85290, Time: 10:16:22

Health: 0/193      AC: 74    Str: 54    XL:     27
Magic:  35/49      EV: 18    Int: 25    God:    Cheibriados [******]
Gold:   7060       SH: 27    Dex: 35    Spells: 16/70 levels left

rFire    + + .     SeeInvis +   c - +9 broad axe (vamp)
rCold    + + .     Gourm    .   g - +5 shield {reflect}
rNeg     + + +     Faith    .   d - +9 ice dragon scales
rPois    ∞         Spirit   .   v - +2 helmet {SInv}
rElec    +         Reflect  +   Z - +0 cloak "Utzaxaza" {rF+ MR++ Int+6}
rCorr    +         Harm     .   X - +2 pair of gloves {Str+3}
MR       +++++                  r - +2 pair of boots of Dithmenos's Vengeance {rPois rCorr Str-3 Int-2}
Stlth    ++........             K - macabre finger necklace {rN+}
HPRegen  1.42/turn              M - ring of Robustness {AC+8}
MPRegen  0.31/turn              P - ring of Xom's Flight of Fancy {rF+ rN+ MR+ Str+8 Int-4}
                                I - ring "Waej" {Str+4 Int-2 Dex+8 SInv Stlth+}

@: aura of abjuration, flying, very slightly contaminated, regenerating, very
slow
A: big wings, talons 1, iridescent scales 1, molten scales 1, fire resistance 1,
negative energy resistance 1, shaggy fur 1, electricity resistance, unbreathing,
evolution 2, petrification resistance, rot immunity, subdued magic 1, AC +20
}: 14/15 runes: decaying, serpentine, slimy, silver, iron, obsidian, icy, bone,
abyssal, demonic, glowing, magical, fiery, dark
a: Stop Flying, Bend Time, Temporal Distortion, Slouch, Step From Time, Renounce
Religion


You were on level 2 of the Tomb of the Ancients.
You worshipped Cheibriados.
Cheibriados was exalted by your worship.
You were not hungry.

You visited 18 branches of the dungeon, and saw 87 of its levels.
You visited Pandemonium 2 times, and saw 24 of its levels.
You visited the Abyss 1 time.
You visited 2 bazaars.
You also visited: Gauntlet.

You collected 12977 gold pieces.
You spent 5917 gold pieces at shops.

Inventory:

Hand Weapons
 a - a +5 demon whip of slashing
 b - a +5 broad axe of flaming
 c - a +9 vampiric broad axe (weapon)
 e - a +3 eveningstar of draining
 i - the +3 morningstar "Ocesoud" {antimagic, rPois Str+4 Int+2}
   (You found it in Pandemonium)

   It reduces the magical energy of the wielder, and disrupts the spells and
   magical abilities of those hit.
   Natural abilities and divine invocations are not affected.
   It affects your strength (+4).
   It affects your intelligence (+2).
   It protects you from poison.
 m - a +4 broad axe of freezing
 C - a +2 sacred scourge of holy wrath
 T - a +2 demon trident of freezing
Missiles
 n - 23 javelins (quivered)
 x - 4 boomerangs
 y - 3 silver boomerangs
 L - 15 curare-tipped darts
Armour
 d - +9 ice dragon scales (worn)
 g - a +5 shield of reflection (worn)
 r - the +2 pair of boots of Dithmenos's Vengeance (worn) {rPois rCorr Str-3 Int-2}
   (You found it on level 4 of the Realm of Zot)

   It affects your strength (-3).
   It affects your intelligence (-2).
   It protects you from poison.
   It provides partial protection from all sources of acid and corrosion.
 v - a +2 helmet of see invisible (worn)
 w - the +7 chain mail "Xadwugen" {rF+ rC+ rN+}
   (You bought it in a shop on level 2 of the Snake Pit)

   It protects you from fire.
   It protects you from cold.
   It protects you from negative energy.
 X - a +2 pair of gloves of strength (worn)
 Z - the +0 cloak "Utzaxaza" (worn) {rF+ MR++ Int+6}
   (You found it on level 3 of the Elven Halls)

   It affects your intelligence (+6).
   It protects you from fire.
   It affects your resistance to hostile enchantments.
Jewellery
 I - the ring "Waej" (on amulet) {Str+4 Int-2 Dex+8 SInv Stlth+}
   (You bought it in a shop on level 3 of the Depths)

   [ring of stealth]

   It affects your strength (+4).
   It affects your intelligence (-2).
   It affects your dexterity (+8).
   It lets you see invisible.
   It makes you more stealthy.
 K - the macabre finger necklace (around neck) {rN+}
   (You found it on level 5 of the Pits of Slime)

   [amulet of nothing]

   It protects you from negative energy.
 M - the ring of Robustness (left hand) {AC+8}
   (You found it in a Gauntlet)

   [ring of protection]

   It affects your AC (+8).
 P - the ring of Xom's Flight of Fancy (right hand) {rF+ rN+ MR+ Str+8 Int-4}
   (You acquired it on level 1 of the Elven Halls)

   [ring of protection from magic]

   It affects your strength (+8).
   It affects your intelligence (-4).
   It protects you from fire.
   It protects you from negative energy.
   It affects your resistance to hostile enchantments.
 U - the ring of Reimbursement {rC+ MP+9 Int+2 Dex+3 Stlth-}
   (You found it in Pandemonium)

   [ring of dexterity]

   It affects your intelligence (+2).
   It affects your dexterity (+3).
   It protects you from cold.
   It affects your magic capacity (+9).
   It makes you less stealthy.
Wands
 j - a wand of iceblast (51)
 G - a wand of digging (52)
 H - a wand of acid (48)
 J - a wand of clouds (28)
 R - a wand of scattershot (7)
Scrolls
 h - 29 scrolls of teleportation
 p - 26 scrolls of identify
 s - a scroll of remove curse
 u - 4 scrolls of magic mapping
 A - 9 scrolls of blinking
 F - 15 scrolls of fog
 O - 10 scrolls of fear
 S - 3 scrolls of holy word
 V - 4 scrolls of summoning
 Y - a scroll of amnesia
Potions
 k - 4 potions of cancellation
 l - 25 potions of curing
 o - 17 potions of lignification
 q - 5 potions of might
 t - 5 potions of ambrosia
 z - 8 potions of resistance
 B - 6 potions of brilliance
 D - 6 potions of magic
 E - 23 potions of heal wounds
 Q - 3 potions of mutation
 W - 8 potions of agility
Comestibles
 f - 93 rations


   Skills:
 - Level 25.0 Fighting
 - Level 24.0(24.2) Axes
 - Level 0.2(17.7) Maces & Flails
 - Level 7.0(17.5) Polearms
 - Level 22.0 Throwing
 - Level 21.0 Armour
 - Level 6.0 Dodging
 - Level 20.0 Shields
 - Level 22.0 Spellcasting
 - Level 8.0 Charms
 - Level 21.1 Summonings
 - Level 13.0 Necromancy
 - Level 23.0 Translocations
 - Level 14.0 Invocations
 + Level 3.6 Evocations


You had 16 spell levels left.
You knew the following spells:

 Your Spells              Type           Power        Failure   Level  Hunger
a - Blink                 Tloc           N/A          0%          2    None
b - Lesser Beckoning      Tloc           #######...   0%          3    None
c - Controlled Blink      Tloc           N/A          1%          8    #####..
d - Teleport Other        Tloc           #######.     0%          3    None
e - Apportation           Tloc           ######       0%          1    None
f - Regeneration          Chrm/Necr      ######....   1%          3    None
g - Disjunction           Tloc           #######...   1%          8    #####..
h - Aura of Abjuration    Summ           #######...   0%          5    None
i - Malign Gateway        Summ/Tloc      #######...   1%          7    ####...
j - Monstrous Menagerie   Summ           #######...   1%          7    ####...
k - Summon Hydra          Summ           #######...   1%          7    ####...

Your spell library contained the following spells:

 Spells                   Type           Power        Failure   Level  Hunger
 Animate Skeleton         Necr           N/A          0%          1    None
 Pain                     Necr           ####         0%          1    None
 Summon Butterflies       Summ           #######.     0%          1    None
 Summon Small Mammal      Summ           ####         0%          1    None
 Call Imp                 Summ           #######.     0%          2    None
 Corpse Rot               Necr           N/A          0%          2    None
 Shroud of Golubria       Chrm/Tloc      ######       0%          2    None
 Call Canine Familiar     Summ           #######.     0%          3    None
 Gell's Gravitas          Tloc           #######...   0%          3    None
 Recall                   Summ/Tloc      N/A          0%          3    None
 Vampiric Draining        Necr           ######....   0%          3    None
 Passage of Golubria      Tloc           N/A          0%          4    None
 Summon Demon             Summ           #######...   0%          5    None
 Summon Forest            Summ/Tloc      #######...   0%          5    None
 Dispersal                Tloc           #######...   0%          6    None
 Beastly Appendage        Tmut           ###...       1%          1    None
 Confusing Touch          Hex            ###...       1%          1    None
 Corona                   Hex            ###....      1%          1    None
 Flame Tongue             Conj/Fire      ###..        1%          1    None
 Infusion                 Chrm           ####         1%          1    None
 Magic Dart               Conj           ###.         1%          1    None
 Sandblast                Erth           ###...       1%          1    None
 Shock                    Conj/Air       ###.         1%          1    None
 Sting                    Conj/Pois      ###.         1%          1    None
 Ensorcelled Hibernation  Hex/Ice        ###...       1%          2    None
 Passwall                 Tmut/Erth      ###.....     1%          2    None
 Poisonous Vapours        Pois/Air       ###...       1%          2    None
 Searing Ray              Conj           ###...       1%          2    None
 Slow                     Hex            ###.....     1%          2    None
 Sticks to Snakes         Tmut           ###.....     1%          2    None
 Swiftness                Chrm/Air       #####...     1%          2    None
 Throw Flame              Conj/Fire      ###...       1%          2    None
 Portal Projectile        Hex/Tloc       ######       1%          3    None
 Spectral Weapon          Hex/Chrm       #####...     1%          3    None
 Summon Guardian Golem    Hex/Summ       ######..     1%          3    None
 Animate Dead             Necr           N/A          1%          4    None
 Force Lance              Conj/Tloc      ######..     1%          4    None
 Summon Ice Beast         Ice/Summ       ######..     1%          4    None
 Summon Lightning Spire   Summ/Air       ######..     1%          4    None
 Agony                    Necr           ######..     1%          5    None
 Dispel Undead            Necr           ######..     1%          5    None
 Excruciating Wounds      Chrm/Necr      ######....   1%          5    None
 Summon Mana Viper        Hex/Summ       ######..     1%          5    None
 Shadow Creatures         Summ           N/A          1%          6    None
 Haunt                    Necr/Summ      ######....   1%          7    ####...
 Summon Greater Demon     Summ           #######...   1%          7    ####...
 Summon Horrible Things   Summ           #######...   1%          8    #####..
 Bolt of Draining         Conj/Necr      #####.....   2%          5    None
 Borgnjor's Vile Clutch   Necr/Erth      #####.....   2%          5    None
 Confuse                  Hex            ###.....     4%          3    None
 Conjure Flame            Conj/Fire      ###.....     4%          3    None
 Dazzling Spray           Conj/Hex       ###...       4%          3    None
 Ignite Poison            Fire/Tmut/Pois ###.....     4%          3    None
 Inner Flame              Hex/Fire       ###.....     4%          3    None
 Mephitic Cloud           Conj/Pois/Air  ###.....     4%          3    None
 Spider Form              Tmut/Pois      ###.......   4%          3    None
 Static Discharge         Conj/Air       ###.....     4%          3    None
 Stone Arrow              Conj/Erth      ###...       4%          3    None
 Tukima's Dance           Hex            ###.....     4%          3    None
 Airstrike                Air            ###.......   16%         4    None
 Cause Fear               Hex            ###.......   16%         4    None
 Fulminant Prism          Conj/Hex       ###.......   16%         4    None
 Ice Form                 Ice/Tmut       ###.....     16%         4    None
 Iskenderun's Mystic Bla  Conj           ###.....     16%         4    None
 Leda's Liquefaction      Hex/Erth       ###.......   16%         4    None
 Olgreb's Toxic Radiance  Pois           ###.....     16%         4    None
 Petrify                  Tmut/Erth      ###.....     16%         4    None
 Sticky Flame             Conj/Fire      ###.....     16%         4    None
 Simulacrum               Ice/Necr       #####.....   17%         6    None
 Dragon's Call            Summ           #######...   28%         9    #######
 Alistair's Intoxication  Tmut/Pois      ###.....     41%         5    None
 Blade Hands              Tmut           ###.......   41%         5    None
 Bolt of Magma            Conj/Fire/Erth ###.......   41%         5    None
 Fireball                 Conj/Fire      ###.......   41%         5    None
 Irradiate                Conj/Tmut      ###.......   41%         5    None
 Lee's Rapid Deconstruct  Erth           ###.......   41%         5    None
 Lightning Bolt           Conj/Air       ###.......   41%         5    None
 Metabolic Englaciation   Hex/Ice        ###.......   41%         5    None
 Silence                  Hex/Air        ###.......   41%         5    None
 Venom Bolt               Conj/Pois      ###.......   41%         5    None
 Yara's Violent Unravell  Hex/Tmut       ###.......   41%         5    None
 Deflect Missiles         Chrm/Air       #####.....   45%         6    None
 Borgnjor's Revivificati  Necr           ######....   47%         8    #####..
 Infestation              Necr           ######....   47%         8    #####..
 Death's Door             Chrm/Necr      ######....   83%         8    #####..
 Bolt of Cold             Conj/Ice       ###.......   95%         6    None
 Bolt of Fire             Conj/Fire      ###.......   95%         6    None
 Conjure Ball Lightning   Conj/Air       ###.......   95%         6    None
 Darkness                 Hex            ###.......   95%         6    None
 Freezing Cloud           Conj/Ice/Air   ###.......   95%         6    None
 Hydra Form               Tmut           ###.......   95%         6    None
 Invisibility             Hex            ###.....     95%         6    None
 Iron Shot                Conj/Erth      ###.......   95%         6    None
 Ozocubu's Refrigeration  Ice            ###.......   95%         6    None
 Poison Arrow             Conj/Pois      ###.......   95%         6    None
 Ring of Flames           Chrm/Fire      #####.....   96%         7    ####...
 Dragon Form              Tmut           ###.......   100%        7    ####...
 Chain Lightning          Conj/Air       ###.......   100%        8    #####..
 Discord                  Hex            ###.......   100%        8    #####..
 Lehudib's Crystal Spear  Conj/Erth      ###.......   100%        8    #####..
 Necromutation            Tmut/Necr      #####.....   100%        8    #####..
 Fire Storm               Conj/Fire      ###.......   100%        9    #######
 Glaciate                 Conj/Ice       ###.......   100%        9    #######
 Shatter                  Erth           ###.......   100%        9    #######
 Tornado                  Air            ###.......   100%        9    #######
 Sublimation of Blood     Necr           Unusable     N/A         2    N/A
 Statue Form              Tmut/Erth      Unusable     N/A         6    N/A

Dungeon Overview and Level Annotations

Branches:
Dungeon (15/15)            Temple (1/1) D:4            Lair (6/6) D:8
  Swamp (4/4) Lair:4        Snake (4/4) Lair:2        Slime (5/5) Lair:6
    Orc (2/2) D:10            Elf (3/3) Orc:2        Vaults (5/5) D:14
  Crypt (3/3) Vaults:3       Tomb (2/3) Crypt:3      Depths (5/5) D:15
   Hell (visited)             Dis (7/7) Hell            Geh (7/7) Hell
    Coc (7/7) Hell            Tar (7/7) Hell            Zot (5/5) Depths:5
Gauntlet (visited)

Altars:
Ashenzari
Cheibriados
Dithmenos
Elyvilon
Fedhas
Gozag
Hepliaklqana
Kikubaaqudgha
Makhleb
Nemelex Xobeh
Okawaru
Qazlal
Ru
Sif Muna
Trog
Uskayaw
Vehumet
Wu Jian
Xom
Yredelemnul
Zin
The Shining One
Beogh
Jiyva
Lugonu

Shops:
D:5 =   Orc:2 [!*[   Elf:1 [   Snake:2 *:!}   Vaults:2 *   Depths:2 ?
Depths:3 =}=   Depths:5 !

Portals:
Hell: Depths:1 Depths:2 Depths:3 Depths:4 Depths:5
Abyss: Depths:4 Depths:5
Pandemonium: Depths:1 Depths:2 Depths:3
Ziggurat: Depths:2

Annotations:
D:4 1 runed translucent door, Crazy Yiuf
Swamp:4 1 runed translucent door, jpaulson's ghost, adept MiBe
Crypt:2 3 runed translucent doors, Gollem's ghost, veteran BaFi; Ticyprui's ghost, veteran MiGl; yalue's ghost, adept MiFi
Depths:4 3 runed translucent doors, Vaydo's ghost, veteran MiBe
Zot:5 1 runed translucent door, Cheops's ghost, legendary MiFi


Innate Abilities, Weirdness & Mutations

You are resistant to torment.
Your stone body is resilient. (AC +20)
You are immune to poison.
Your large and strong wings let you fly indefinitely.
You resist negative energy. (rN+)
You are resistant to electric shocks. (rElec)
You can survive without breathing.
You are immune to petrification.
You are immune to rotting.
You have sharp toenails.
You are partially covered in iridescent scales. (AC +2)
You are partially covered in molten scales. (AC +2)
Your flesh is heat resistant. (rF+)
You are covered in fur. (AC +1)
You rapidly evolve.
Your spells are a little easier to cast, but a little less powerful.


Message History

The greater mummy is moderately damaged.
You block the flying skull's attack.
A flying skull comes into view.
You block the golden dragon zombie's attack.
The golden dragon zombie closely misses you. x2
The guardian mummy barely misses you.
You hear a hideous shriek!
Throwing (i - inventory. (/) - cycle)
n - 24 javelins (quivered)
Press: ? - help, Shift-Dir - straight line, f/p - greater mummy
Aim: a greater mummy (purple smoke, moderately damaged)
You throw a javelin.
The javelin pierces through the ancient champion!!!
You destroy the ancient champion!
Cheibriados thoroughly appreciates the change of pace.
The javelin pierces through the greater mummy!!!!
The greater mummy is severely damaged.
The flying skull hits you but does no damage.
The lich gestures at you while chanting.
The crystal spear hits you!!!!
You die...

.................
.....M(..8.(......
.................
(....#...#.......
......M......$...
........(..z...
^........M...z^
#.......LM####.
#......sM@#
#.......Zz#
..........$
............
#+#########


You could see 2 greater mummies, a lich, 2 guardian mummies, an ushabti, a death
scarab, 2 flying skulls, a mummy and a golden dragon zombie.

Vanquished Creatures
  Cerebov (Pan)
  Antaeus (Coc:7)
  the Royal Jelly (Slime:5)
  Asmodeus (Geh:7)
  Ereshkigal (Tar:7)
  Gloorx Vloq (Pan)
  Mnoleg (Pan)
  Lom Lobon (Pan)
  10 ancient liches
  3 orbs of fire (Zot:5)
  Mara (Vaults:3)
  Sojobo (Depths:2)
  The ghost of Keel the Gargoyle Barricade, a legendary GrFi of the Shining One (Zot:4)
  4 greater mummies (Tomb:1)
  Frederick (Depths:1)
  the Lernaean hydra (Swamp:4)
  6 pandemonium lords (Pan)
  Bai Suzhen (Depths:3)
  14 shard shrikes
  Saint Roka (Vaults:1)
  8 Killer Klowns
  Xtahua (Depths:3)
  Margery (Depths:3)
  5 caustic shrikes (Depths:4)
  4 curse toes
  Geryon (Hell)
  Nikola (Swamp:4)
  7 golden dragons
  A profane servitor (Crypt:3)
  16 bone dragons
  24 Tzitzimimeh
  6 electric golems
  5 doom hounds
  24 Brimstone Fiends
  4 iron giants
  13 liches
  12 Hell Sentinels
  12 Ice Fiends
  13 tentacled monstrosities
  Rupert (Lair:6)
  Asterion (Vaults:1)
  25 Orb Guardians (Zot:5)
  10 titans
  3 deep elf blademasters
  7 quicksilver dragons
  14 sphinxes
  30 acid blobs
  2 tentacled starspawn
  23 Executioners
  11 death cobs
  5 eldritch tentacles
  15 storm dragons
  Frances (D:13)
  8 draconian monks
  6 tengu reavers
  2 thorn hunters
  Donald (Elf:2)
  6 ancient champions
  21 shadow dragons
  Roxanne (D:15)
  10 nagarajas
  15 azure jellies
  2 warmongers (Pan)
  5 revenants
  4 corrupters (Pan)
  7 iron dragons
  11 frost giants
  18 vault wardens
  An orc warlord (Orc:2)
  10 fire giants
  7 deep elf sorcerers
  3 draconian scorchers
  Aizul (Depths:2)
  29 balrugs
  A draconian knight (Zot:2)
  4 deep elf elementalists
  4 spriggan defenders
  4 curse skulls
  7 draconian shifters
  3 draconian stormcallers
  5 ghost moths
  7 ghouls
  23 cacodemons
  An elemental wellspring (Coc:7)
  9 angels (Pan)
  9 draconian annihilators
  9 ophanim (Pan)
  17 ironheart preservers
  6 war gargoyles
  2 entropy weavers (Vaults:1)
  38 very ugly things
  61 reapers
  4 blood saints (Pan)
  19 stone giants
  2 bennus (Tomb:1)
  A caustic shrike skeleton (Depths:2)
  12 deep elf demonologists
  18 vampire knights
  12 green draconians
  A juggernaut skeleton (Depths:1)
  13 lorocyprocas
  An apis (Pan)
  12 black draconians
  8 white draconians
  11 spark wasps
  5 black suns (Pan)
  15 deep elf annihilators
  10 purple draconians
  A minotaur (Gauntlet)
  An eidolon (Crypt:2)
  15 red draconians
  26 blizzard demons
  14 yellow draconians
  25 ettins
  8 statues (Depths:1)
  10 mummy priests
  14 quicksilver dragon zombies
  A merfolk impaler (Depths:3)
  10 green deaths
  4 kraken zombies
  9 deep elf death magi
  A fire dragon (shapeshifter) (Vaults:5)
  8 death oozes
  2 merfolk javelineers (Depths:3)
  4 deep elf high priests
  13 jiangshi
  9 yaktaur captains
  5 quicksilver dragon skeletons
  36 vault guards
  11 fire dragons
  25 ice dragons
  2 monstrous demonspawn (Pan)
  12 great orbs of eyes
  5 spriggan air magi
  7 rakshasas
  4 ghost crabs
  25 hydras
  4 naga warriors
  An anaconda (shapeshifter) (D:12)
  6 anacondas
  3 hell beasts
  A merfolk avatar (Lair:6)
  11 centaur warriors
  A catoblepas (Lair:3)
  A juggernaut simulacrum (Pan)
  13 alligators
  7 death knights
  A satyr (shapeshifter) (Elf:1)
  54 two-headed ogres
  15 deep troll shamans
  9 death yaks
  4 thrashing horrors
  20 hell hogs
  5 orc high priests (Orc:2)
  4 tengu warriors
  6 spriggan berserkers
  14 death scarabs (Tomb:1)
  7 titan zombies
  13 ogre magi
  16 deep troll earth magi
  30 dancing weapons
  10 vampire magi
  Urug (Lair:6)
  3 storm dragon zombies
  5 iron golems
  6 naga sharpshooters
  26 deep elf knights
  5 titan skeletons
  A wretched star (Abyss:2)
  40 soul eaters
  53 hell knights
  66 sun demons
  8 shock serpents
  97 skeletal warriors
  2 salamander mystics
  6 storm dragon skeletons
  17 small abominations
  25 sixfirhies
  20 shadow wraiths
  10 cherubim (Pan)
  13 iron trolls
  13 anaconda zombies
  4 torturous demonspawn (Pan)
  A death drake (Gauntlet)
  An unseen horror (shapeshifter) (Vaults:4)
  2 spatial maelstroms
  A ghost moth zombie (Geh:7)
  A glowing orange brain (shapeshifter) (Depths:5)
  18 shadow demons
  10 golden dragon zombies
  3 unseen horrors
  3 anaconda skeletons
  36 deep trolls
  A sea snake (Lair:6)
  5 gelid demonspawn (Pan)
  21 flayed ghosts
  A death drake (shapeshifter) (Depths:4)
  5 glowing orange brains
  5 spriggan druids
  10 starcursed masses (Abyss:3)
  9 infernal demonspawn
  Pikel (D:4)
  25 phantasmal warriors
  10 deep elf archers
  10 ironbrand convokers
  9 swamp dragons
  3 naga ritualists
  5 golden dragon skeletons
  5 shadow dragon zombies
  9 wizards
  19 orc knights
  24 necromancers
  2 orb spiders
  12 salamanders
  A mana viper (shapeshifter) (Vaults:1)
  5 shining eyes
  3 iron dragon zombies
  54 ugly things
  54 deep elf magi
  5 harpies
  8 mana vipers
  9 fire giant zombies
  5 shadow dragon skeletons
  5 orc sorcerers
  8 wolf spiders
  4 wolf spider zombies
  5 frost giant zombies
  A cyclops (Vaults:2)
  6 draconians (Zot:2)
  A worldbinder (Abyss:1)
  19 moths of wrath
  10 stone giant zombies
  3 manticores
  A spectral centaur (Gauntlet)
  An elephant (shapeshifter) (Depths:2)
  2 guardian serpents
  9 elephants
  10 fire giant skeletons
  27 rust devils
  7 shock serpent zombies
  9 iron dragon skeletons
  14 naga magi
  35 black mambas
  11 frost giant skeletons
  A black mamba (shapeshifter) (D:12)
  2 ice statues
  5 stone giant skeletons
  5 dire elephant zombies
  8 eyes of devastation
  11 vault sentinels
  An apocalypse crab (Abyss:1)
  A titan simulacrum (Hell)
  A yellow draconian zombie (Dis:1)
  54 smoke demons
  4 gargoyles
  5 molten gargoyles (Geh:7)
  A water nymph (shapeshifter) (Elf:1)
  Psyche (D:11)
  19 spiny frogs
  24 orange demons
  4 dire elephant skeletons
  A minotaur zombie (Geh:4)
  34 hellions
  A spriggan zombie (Depths:1)
  A shock serpent skeleton (Tar:4)
  A spiny frog (shapeshifter) (Vaults:1)
  4 rime drakes
  48 freezing wraiths
  5 spectral swamp worms (Depths:1)
  12 efreet
  3 emperor scorpion zombies
  11 demonic crawlers
  A white draconian zombie (Coc:7)
  26 hellwings
  45 tormentors
  11 komodo dragons
  4 catoblepas zombies
  42 yaktaurs
  A yaktaur zombie (Vaults:5)
  59 ice devils
  4 ancient zymes
  15 hydra zombies
  6 silent spectres
  2 tengu conjurers
  An anaconda simulacrum (Coc:2)
  50 red devils
  A troll (shapeshifter) (Vaults:1)
  9 human skeletons
  11 guardian mummies
  3 harpy zombies
  15 trolls
  4 polar bears (Lair:6)
  9 hornets
  6 tyrant leeches
  A wind drake (Lair:6)
  6 fire dragon zombies
  A harpy skeleton (Geh:3)
  A hornet (shapeshifter) (Elf:3)
  27 raiju
  A raiju (shapeshifter) (D:13)
  A deep troll zombie (Depths:1)
  8 ettin zombies
  5 alligator zombies
  5 ice dragon zombies
  16 bog bodies
  10 hydra skeletons
  3 blink frogs (Lair:6)
  118 slime creatures
  10 hippogriffs
  5 redbacks (Vaults:1)
  6 dream sheep (Lair:5)
  A stone giant simulacrum (Coc:7)
  8 ettin skeletons
  22 spriggans
  3 black mamba zombies
  An air elemental (Elf:1)
  3 alligator skeletons
  8 ice dragon skeletons
  A frost giant simulacrum (Hell)
  15 ynoxinuls
  A fire dragon skeleton (Pan)
  197 flying skulls
  A redback (shapeshifter) (D:14)
  44 wraiths
  25 shadows
  22 water elementals
  6 wyverns
  A tarantella (shapeshifter) (Depths:1)
  36 large abominations
  A tarantella (Vaults:1)
  47 yaks
  An ushabti (Tomb:1)
  4 black mamba skeletons
  15 golden eyes
  8 hungry ghosts
  4 basilisks
  16 chaos spawn
  26 vampire mosquitoes
  26 neqoxecs
  A steam dragon (D:10)
  An emperor scorpion simulacrum (Crypt:2)
  27 fire elementals
  Menkaure (D:5)
  A human simulacrum (Vaults:4)
  2 swamp worms (shapeshifter)
  A monstrous demonspawn zombie (Dis:7)
  A warg (shapeshifter) (Depths:3)
  9 wargs
  2 spatial vortices
  35 nagas
  4 insubstantial wisps
  2 hydra simulacra
  An acid dragon (Vaults:1)
  58 hell hounds
  12 swamp worms
  11 spiny frog zombies
  3 porcupines
  21 water moccasins
  A floating eye (shapeshifter) (Depths:3)
  2 floating eyes
  17 swamp drakes
  A black bear (shapeshifter) (Vaults:1)
  3 slaves (D:4)
  13 ice beasts
  2 spiny frog skeletons
  2 black bears
  3 alligator simulacra
  59 orc warriors
  3 sky beasts
  16 phantoms
  5 elf zombies
  8 eyes of draining
  A fire dragon simulacrum (Depths:1)
  3 manticore zombies
  A sky beast (shapeshifter) (Depths:2)
  18 wolves
  31 ogres
  2 snapping turtle zombies
  An ettin simulacrum (Coc:2)
  2 swamp dragon zombies
  31 necrophages
  30 centaurs
  6 snapping turtle skeletons
  3 manticore skeletons
  2 swamp dragon skeletons
  11 crocodiles
  5 elf skeletons
  An elf simulacrum (Depths:2)
  2 big kobolds (D:12)
  Blork the orc (D:4)
  A rime drake skeleton (Crypt:2)
  22 bullfrogs
  A wyvern zombie (D:11)
  2 spiny frog simulacra
  A gnoll sergeant (D:8)
  An earth elemental (Elf:3)
  6 scorpions
  10 killer bees
  A snapping turtle simulacrum (Crypt:2)
  62 wights
  2 spriggan skeletons
  A yak skeleton (Crypt:1)
  6 howler monkeys
  A vampire bat (D:7)
  A troll skeleton (Crypt:1)
  2 electric eels
  A wolf zombie (Crypt:2)
  9 crimson imps
  5 quasits
  A bullfrog zombie (Crypt:2)
  3 centaur zombies
  4 human zombies
  5 bullfrog skeletons
  A demonspawn zombie (Crypt:1)
  14 iron imps
  5 hounds
  3 jellies
  36 orc priests
  23 orc wizards
  2 iguanas (D:4)
  5 centaur skeletons
  A porcupine zombie (Crypt:1)
  8 worker ants
  6 hell rats
  A naga zombie (Geh:3)
  A naga skeleton (Crypt:2)
  A deep dwarf skeleton (Crypt:1)
  2 hound zombies (D:5)
  3 hound skeletons
  24 mummies
  A howler monkey zombie (D:8)
  10 gnolls
  2 howler monkey skeletons
  15 adders
  16 shadow imps
  35 white imps
  3 ufetubi
  2 oozes
  2 adder skeletons (D:4)
  An adder zombie (D:10)
  3 worms
  2 dart slugs
  4 leopard geckos
  121 orcs
  A bat skeleton (Crypt:1)
  7 giant cockroaches
  18 hobgoblins
  14 jackals
  17 kobolds
  A quokka (D:3)
  2 ball pythons (Lair:2)
  10 bats
  8 frilled lizards
  13 goblins
  A goblin zombie (Crypt:1)
  A hobgoblin skeleton (Crypt:2)
  A jackal skeleton (D:6)
  A jackal zombie (D:7)
  A leopard gecko skeleton (D:4)
  An orc zombie (Coc:3)
  2 quokka skeletons (D:6)
  6 rats
  A rat skeleton (Crypt:2)
  6 bushes (Depths:4)
  8 fire vortices
  7 fungi
  A lurking horror (Abyss:3)
  A plant (Lair:2)
  3 starspawn tentacles (Abyss:3)
  2 tentacles (Hell)
4937 creatures vanquished.

Vanquished Creatures (collateral kills)
  A seraph (Pan)
  Dispater (Dis:7)
  A shard shrike (Coc:7)
  A pandemonium lord (Pan)
  A titan (Pan)
  2 Executioners (Pan)
  A curse skull (Pan)
  2 draconian annihilators (Pan)
  2 reapers
  An elemental wellspring (Coc:7)
  A lorocyproca (Pan)
  A blizzard demon (Pan)
  2 green deaths (Pan)
  An ice dragon (Coc:7)
  A monstrous demonspawn (Pan)
  2 death scarabs (Tomb:1)
  A sun demon (Pan)
  4 skeletal warriors (Coc:3)
  3 soul eaters (Pan)
  2 large abominations (Pan)
  A storm dragon skeleton (Pan)
  A torturous demonspawn (Pan)
  A gelid demonspawn (Pan)
  A shadow demon (Pan)
  An iron dragon zombie (Tar:7)
  A frost giant zombie (Coc:7)
  A fire giant skeleton (Pan)
  2 ice statues (Coc:7)
  An orange demon (Pan)
  A smoke demon (Pan)
  A freezing wraith (Coc:7)
  3 ice devils
  A guardian mummy (Tomb:1)
  A hydra zombie (Dis:7)
  A hellwing (Pan)
  A hydra skeleton (Pan)
  A flying skull (Tar:7)
  2 water elementals (Coc:7)
  2 ynoxinuls (Pan)
  A snapping turtle zombie (Dis:7)
  2 wights (Coc:7)
  A white imp (Coc:7)
  A ball lightning (Pan)
60 creatures vanquished.

Vanquished Creatures (others)
  A pandemonium lord (Pan)
  A lich (Vaults:5)
  2 deep elf master archers (Elf:3)
  30 eldritch tentacles
  A frost giant (Vaults:5)
  3 stone giants
  A green draconian (Zot:5)
  2 yaktaur captains
  A rakshasa (Pan)
  2 hell hogs (Geh:4)
  An ogre mage (Depths:2)
  A deep elf knight (Elf:2)
  2 naga sharpshooters
  Sonja (Lair:3)
  A cherub (Pan)
  4 deep elf archers
  A shadow dragon zombie (Dis:7)
  A deep elf mage (Vaults:5)
  2 cyclopes
  A hellion (Geh:7)
  28 yaktaurs
  A hornet (Swamp:2)
  A raiju (Abyss:2)
  An alligator zombie (Coc:7)
  A flying skull (Geh:4)
  A wraith (Geh:6)
  2 fire elementals
  A neqoxec (Pan)
  A swamp worm (Swamp:4)
  An orc warrior (Orc:1)
  An ogre (Vaults:5)
  5 centaurs
  2 ball lightnings (Pan)
  An orc (Vaults:3)
  36 bushes
  2 fire vortices
  16 fungi
  21 plants
  3 starspawn tentacles
  17 tentacles
  2 withered plants (Zot:5)
203 creatures vanquished.

Grand Total: 5200 creatures vanquished

Notes
Turn   | Place    | Note
-------+----------+-------------------------------------------
     0 | D:1      | LetsPracticeChieb the Gargoyle Gladiator began the quest
                  | for the Orb.
     0 | D:1      | Reached XP level 1. HP: 12/12 MP: 1/1
    40 | D:1      | Reached XP level 2. HP: 16/17 MP: 2/2
   454 | D:1      | Reached XP level 3. HP: 22/22 MP: 3/3
   737 | D:2      | Found a faded altar of an unknown god.
   791 | D:2      | Reached XP level 4. HP: 27/27 MP: 4/4
  1042 | D:2      | Found a stormy altar of Qazlal.
  1686 | D:3      | Reached skill level 3 in Fighting
  1801 | D:3      | Reached XP level 5. HP: 32/32 MP: 5/5
  1957 | D:3      | Reached skill level 5 in Axes
  2349 | D:4      | Reached XP level 6. HP: 37/37 MP: 6/6
  2401 | D:4      | Found a staircase to the Ecumenical Temple.
  2448 | Temple   | Entered the Ecumenical Temple
  2837 | Temple   | Became a worshipper of Cheibriados the Contemplative
  3214 | Temple   | Gained mutation: Your movements are slightly less
                  | encumbered by armour. (ER -2) [potion of mutation]
  3214 | Temple   | Gained mutation: You possess an exceptional clarity of
                  | mind. [potion of mutation]
  3328 | D:5      | Entered Level 5 of the Dungeon
  3505 | D:5      | Reached skill level 4 in Fighting
  3505 | D:5      | Reached XP level 7. HP: 44/44 MP: 7/7
  3686 | D:4      | Reached skill level 5 in Fighting
  3895 | D:4      | Noticed Pikel
  3920 | D:4      | Killed Pikel
  3920 | D:4      | Reached skill level 8 in Fighting
  3920 | D:4      | Reached XP level 8. HP: 13/55 MP: 3/8
  4222 | D:4      | Found a runed translucent door.
  4223 | D:4      | Noticed Crazy Yiuf
  4303 | D:4      | Noticed Blork the orc
  4336 | D:4      | Killed Blork the orc
  4509 | D:4      | Reached * piety under Cheibriados
  4829 | D:5      | Found a glowing silver altar of Zin.
  4964 | D:5      | Noticed Menkaure
  5044 | D:5      | Killed Menkaure
  5080 | D:5      | Reached XP level 9. HP: 55/60 MP: 9/9
  5118 | D:5      | Found Tubb's Jewellery Shop.
  5347 | D:5      | Found a basalt altar of Yredelemnul.
  5488 | D:5      | Found a white marble altar of Elyvilon.
  5869 | D:6      | Reached ** piety under Cheibriados
  6016 | D:6      | Found a radiant altar of Vehumet.
  6396 | D:6      | Reached skill level 1 in Armour
  6905 | D:7      | Reached *** piety under Cheibriados
  7265 | D:8      | Reached XP level 10. HP: 44/65 MP: 10/10
  7384 | D:8      | Found an iron altar of Okawaru.
  7425 | D:8      | Noticed a death yak
  7538 | D:8      | Reached **** piety under Cheibriados
  7545 | D:8      | Reached skill level 9 in Fighting
  7863 | D:8      | Reached skill level 1 in Invocations
  7947 | D:8      | Noticed a death yak
  7954 | D:8      | Noticed a death yak
  7955 | D:8      | Noticed a death yak
  7956 | D:8      | Noticed a death yak
  8112 | D:8      | Noticed a death yak
  8155 | D:8      | Found a staircase to the Lair.
  8208 | D:8      | Found a hazy altar of Hepliaklqana.
  8449 | D:9      | Reached skill level 10 in Axes
  9098 | D:9      | Reached ***** piety under Cheibriados
  9322 | D:10     | Entered Level 10 of the Dungeon
  9344 | D:10     | Noticed a gargoyle
  9370 | D:10     | Reached skill level 10 in Fighting
  9372 | D:10     | Reached skill level 5 in Invocations
  9513 | D:10     | Noticed an eight-headed hydra
  9828 | D:7      | Killed a death yak
 10111 | D:10     | Reached XP level 11. HP: 72/72 MP: 16/16
 10214 | D:10     | Noticed a two-headed ogre
 10259 | D:10     | Killed an eight-headed hydra
 10264 | D:10     | Reached skill level 5 in Armour
 10277 | D:10     | Killed a two-headed ogre
 10356 | D:10     | Noticed an orc knight
 10437 | D:10     | Found a staircase to the Orcish Mines.
 10893 | D:10     | Killed an orc knight
 11525 | D:8      | Killed a death yak
 11586 | D:9      | Killed a death yak
 11842 | D:9      | Killed a death yak
 11969 | D:9      | Killed a death yak
 11969 | D:9      | Reached XP level 12. HP: 54/77 MP: 11/17
 12087 | D:8      | Killed a death yak
 12315 | Lair:1   | Entered Level 1 of the Lair of Beasts
 12320 | Lair:1   | Reached skill level 1 in Shields
 12373 | Lair:1   | Noticed a four-headed hydra
 12386 | Lair:1   | Killed a one-headed hydra
 13089 | Lair:2   | Reached skill level 11 in Fighting
 13194 | Lair:2   | Found a staircase to the Snake Pit.
 13591 | Lair:2   | Reached skill level 12 in Fighting
 13631 | Lair:2   | Noticed a five-headed hydra
 13643 | Lair:2   | Killed a one-headed hydra
 14036 | Lair:3   | Reached ****** piety under Cheibriados
 14036 | Lair:3   | Reached XP level 13. HP: 72/87 MP: 14/19
 14037 | Lair:3   | You fall into a shaft and drop 3 floors!
 14037 | Lair:6   | Entered Level 6 of the Lair of Beasts
 14048 | Lair:6   | Found a staircase to the Slime Pits.
 14177 | Lair:6   | Noticed Rupert
 14968 | Lair:5   | Reached skill level 13 in Fighting
 15167 | Lair:3   | Noticed Sonja
 15181 | Lair:3   | Killed Sonja
 15622 | Lair:3   | You fall into a shaft and drop 1 floor!
 15648 | Lair:4   | Found a shadowy altar of Dithmenos.
 16085 | Lair:4   | Reached skill level 10 in Invocations
 16085 | Lair:4   | Gained mutation: Your large and strong wings let you fly
                  | indefinitely. [Gargoyle growth]
 16085 | Lair:4   | Reached XP level 14. HP: 94/94 MP: 21/21
 16464 | Lair:4   | Found a staircase to the Swamp.
 17519 | Lair:6   | Paralysed by Rupert for 5 turns
 17555 | Lair:6   | Reached skill level 14 in Fighting
 17975 | Lair:6   | Paralysed by Rupert for 2 turns
 17992 | Lair:6   | Killed Rupert
 18138 | Lair:6   | Noticed Urug
 18157 | Lair:6   | Killed Urug
 18789 | D:11     | Identified the +5 whip of Internal Strife {flame, rC+
                  | Int+4} (You found it on level 11 of the Dungeon)
 18805 | D:11     | Noticed Psyche
 18812 | D:11     | Killed Psyche
 18812 | D:11     | Reached skill level 15 in Axes
 18938 | D:11     | Found a glowing silver altar of Zin.
 19436 | D:12     | Found a transporter.
 19437 | D:12     | Found a corrupted altar of Lugonu.
 19618 | D:12     | Found a transporter.
 19862 | Orc:1    | Entered Level 1 of the Orcish Mines
 20162 | Lair:3   | Identified the Guide on Orientation
 20165 | Lair:3   | Identified the +1 scale mail of the Jabberwock {Slay+6}
                  | (You found it on level 3 of the Lair of Beasts)
 20945 | Orc:1    | Reached skill level 5 in Throwing
 21237 | Orc:2    | Entered Level 2 of the Orcish Mines
 21300 | Orc:2    | Reached XP level 15. HP: 101/101 MP: 22/22
 21611 | Orc:2    | Found a roughly hewn altar of Beogh.
 21722 | Orc:2    | Found Faat's Armour Emporium.
 21740 | Orc:2    | Found Gozoni's Distillery.
 21769 | Orc:2    | Bought 2 potions of heal wounds for 150 gold pieces
 22018 | Orc:2    | Found a staircase to the Elven Halls.
 22260 | Orc:2    | Noticed an orc warlord
 22279 | Orc:2    | Killed an orc warlord
 22309 | Orc:2    | Found Caenkug's Armour Shoppe.
 22333 | Orc:2    | Found a roughly hewn altar of Beogh.
 22430 | Orc:2    | Found Dettuubyx's Assorted Antiques.
 22450 | Orc:2    | Bought 3 scrolls of magic mapping for 315 gold pieces
 22450 | Orc:2    | Bought a scroll of teleportation for 90 gold pieces
 22711 | Orc:2    | Bought a +1 helmet of see invisible for 297 gold pieces
 22935 | Swamp:1  | Entered Level 1 of the Swamp
 23813 | Swamp:2  | Reached skill level 15 in Fighting
 24238 | Swamp:3  | Reached skill level 10 in Throwing
 24308 | Swamp:3  | Found an ornate altar of the Wu Jian Council.
 24339 | Swamp:3  | Noticed a thorn hunter
 24350 | Swamp:3  | Killed a thorn hunter
 24350 | Swamp:3  | Reached XP level 16. HP: 103/108 MP: 21/23
 25007 | Swamp:4  | Entered Level 4 of the Swamp
 25124 | Swamp:4  | Found a runed translucent door.
 25124 | Swamp:4  | Noticed jpaulson's ghost (adept MiBe)
 25198 | Swamp:4  | Noticed the 27-headed Lernaean hydra
 26219 | Swamp:4  | Killed the 15-headed Lernaean hydra
 26286 | Swamp:4  | Got a decaying rune of Zot
 26336 | Swamp:4  | Noticed a thorn hunter
 26359 | Swamp:4  | Killed a thorn hunter
 26604 | Swamp:4  | Noticed Nikola
 26610 | Swamp:4  | Killed Nikola
 27041 | Snake:1  | Entered Level 1 of the Snake Pit
 27185 | Snake:1  | Reached XP level 17. HP: 112/113 MP: 22/25
 28092 | Snake:2  | Found Xest's General Store.
 28092 | Snake:2  | Found Gymiqiek's Distillery.
 28096 | Snake:2  | Found Geywa's Gadget Shop.
 28100 | Snake:2  | Found Legoclul's Book Shop.
 29357 | Snake:3  | Reached skill level 5 in Dodging
 29914 | Snake:4  | Entered Level 4 of the Snake Pit
 30349 | Snake:4  | Reached skill level 16 in Fighting
 30411 | Snake:4  | Reached skill level 10 in Armour
 30413 | Snake:4  | Reached XP level 18. HP: 120/120 MP: 21/26
 30638 | Snake:4  | Got a serpentine rune of Zot
 31084 | Elf:1    | Entered Level 1 of the Elven Halls
 31317 | Snake:2  | Bought the +7 chain mail "Xadwugen" {rF+ rC+ rN+} for 905
                  | gold pieces
 31728 | D:13     | Noticed Frances
 31745 | D:13     | Killed Frances
 31745 | D:13     | Reached skill level 5 in Shields
 31839 | D:13     | You are sucked into a shaft and drop 2 floors!
 31839 | D:15     | Entered Level 15 of the Dungeon
 31840 | D:15     | Found a staircase to the Depths.
 31972 | D:14     | Found a gate to the Vaults.
 32059 | D:14     | Found a gate leading to a gauntlet.
 32072 | Gauntlet | Entered a Gauntlet
 32072 | Gauntlet | Found a transporter.
 32072 | Gauntlet | Found a transporter.
 32073 | Gauntlet | Found a transporter.
 32073 | Gauntlet | Found a transporter.
 32076 | Gauntlet | Found a transporter.
 32092 | Gauntlet | Found a transporter.
 32093 | Gauntlet | Found a transporter.
 32099 | Gauntlet | Found a transporter.
 32107 | Gauntlet | Found a transporter.
 32124 | Gauntlet | Found a transporter.
 32132 | Gauntlet | Found a transporter.
 32149 | Gauntlet | Found a transporter.
 32187 | Gauntlet | Found the ring of Robustness {AC+8}
 32393 | Gauntlet | Got a warped amber ring
 32394 | Gauntlet | Identified the ring "Hohupsu" {*Tele MR+} (You found it in
                  | a Gauntlet)
 33617 | D:15     | Noticed Roxanne
 34407 | D:15     | Killed Roxanne
 34575 | Elf:1    | Reached skill level 10 in Shields
 34660 | Elf:1    | Found Zihoamiy's Antique Armour Shoppe.
 34905 | Elf:1    | Identified the Papyrus of Conjuration
 35205 | Elf:1    | Reached XP level 19. HP: 125/125 MP: 27/27
 35539 | Elf:1    | Identified 2 scrolls of acquirement
 35566 | Elf:1    | Got a flickering lead ring
 35567 | Elf:1    | Identified the ring of Xom's Flight of Fancy {rF+ rN+ MR+
                  | Str+8 Int-4} (You acquired it on level 1 of the Elven
                  | Halls)
 35598 | Elf:2    | Noticed Donald
 35612 | Elf:2    | Killed Donald
 35642 | Elf:2    | Found a flickering gateway to a bazaar.
 35658 | Bazaar   | Entered a bazaar
 35675 | Bazaar   | Found Vegan's Assorted Antiques.
 35690 | Bazaar   | Found Birgh's Antique Weapon Emporium.
 35690 | Bazaar   | Found Cusuyv's Magic Scroll Shoppe.
 35783 | Bazaar   | Bought a scroll of identify for 14 gold pieces
 35783 | Bazaar   | Bought a scroll of blinking for 52 gold pieces
 35783 | Bazaar   | Bought a scroll of fear for 24 gold pieces
 35783 | Bazaar   | Bought a scroll of magic mapping for 24 gold pieces
 35783 | Bazaar   | Bought a scroll of enchant armour for 52 gold pieces
 35783 | Bazaar   | Bought a scroll of blinking for 52 gold pieces
 35783 | Bazaar   | Bought a scroll of identify for 14 gold pieces
 36022 | Elf:2    | Learned a level 2 spell: Blink
 36430 | Elf:2    | Found a runed translucent gate.
 36432 | Elf:2    | Found a runed translucent gate.
 36433 | Elf:2    | Found a runed translucent gate.
 36640 | Elf:2    | Reached skill level 1 in Spellcasting
 36640 | Elf:2    | Reached skill level 1 in Translocations
 37030 | Elf:3    | Entered Level 3 of the Elven Halls
 37180 | Elf:3    | Reached XP level 20. HP: 106/133 MP: 24/29
 37272 | Elf:3    | Reached skill level 17 in Fighting
 37300 | Elf:3    | Identified the ring "Otunosiss" {rN+ Str-4 Int+5 Dex+3
                  | SInv}
 37375 | Elf:3    | Identified the Handbook of Enthralling Lightness
 37381 | Elf:3    | Learned a level 3 spell: Lesser Beckoning
 37517 | Elf:3    | Identified the Guide on Dusty Hexes
 37524 | Elf:3    | Got a steaming lapis lazuli ring
 37525 | Elf:3    | Identified the ring "Deil" {EV+1 Str+2 Int+2} (You found it
                  | on level 3 of the Elven Halls)
 37529 | Elf:3    | Identified the cursed +0 cloak "Utzaxaza" {rF+ MR++ Int+6}
                  | (You found it on level 3 of the Elven Halls)
 37592 | Elf:3    | Identified the +10 plate armour "Yraiv" {rPois} (You found
                  | it on level 3 of the Elven Halls)
 38454 | Vaults:1 | Entered Level 1 of the Vaults
 38534 | Vaults:1 | Reached skill level 5 in Spellcasting
 38545 | Vaults:1 | Reached skill level 15 in Shields
 38572 | Vaults:1 | Reached skill level 5 in Translocations
 38767 | Vaults:1 | Found the +4 dagger "Morg" {pain, MR+ Int+5}
 38920 | Vaults:1 | Noticed Saint Roka
 38935 | Vaults:1 | Killed Saint Roka
 39085 | Vaults:1 | Found a gateway to a bazaar.
 39097 | Bazaar   | Entered a bazaar
 39097 | Bazaar   | Found Bomury's Book Emporium.
 39097 | Bazaar   | Found Bonnepesch's Antique Weapon Shoppe.
 39097 | Bazaar   | Found Faumot's Armour Shoppe.
 39097 | Bazaar   | Found Cech's Antique Armour Emporium.
 39097 | Bazaar   | Found Xamujit's Antique Weapon Emporium.
 39105 | Bazaar   | Bought a shimmering helmet for 180 gold pieces
 39105 | Bazaar   | Identified the +0 helmet "Seluc" {SInv} (You bought it in a
                  | shop in a bazaar)
 39125 | Bazaar   | Bought a book of the Warp for 810 gold pieces
 39405 | Vaults:1 | You are sucked into a shaft and drop 1 floor!
 39513 | Vaults:1 | Noticed Asterion
 39519 | Vaults:1 | Killed Asterion
 39519 | Vaults:1 | Reached XP level 21. HP: 139/139 MP: 30/30
 40167 | Vaults:2 | Learned a level 8 spell: Controlled Blink
 40295 | Vaults:2 | Found Wafor's General Store.
 40337 | Vaults:2 | Bought a scroll of enchant armour for 112 gold pieces
 40777 | Vaults:2 | Reached skill level 15 in Throwing
 41239 | Vaults:3 | Found a staircase to the Crypt.
 41398 | Vaults:3 | Noticed Mara
 41400 | Vaults:3 | Noticed LetsPracticeChieb's illusion
 41426 | Vaults:3 | Killed Mara
 42050 | Vaults:4 | Reached skill level 10 in Translocations
 42062 | Vaults:4 | Identified the +5 ring mail of Duty {rPois SInv} (You found
                  | it on level 4 of the Vaults)
 42207 | Vaults:4 | Reached XP level 22. HP: 144/144 MP: 31/31
 42921 | Vaults:4 | Identified the cursed +1 chain mail of Makhleb's Esteem
                  | {SInv} (You found it on level 4 of the Vaults)
 43130 | Vaults:5 | Entered Level 5 of the Vaults
 43130 | Vaults:5 | Noticed an ancient lich
 43150 | Vaults:5 | Killed an ancient lich
 43215 | Vaults:5 | Reached XP level 23. HP: 149/149 MP: 24/32
 43253 | Vaults:5 | Noticed a golden dragon
 43267 | Vaults:5 | Killed a golden dragon
 43272 | Vaults:5 | Reached skill level 15 in Armour
 44192 | Vaults:5 | Reached XP level 24. HP: 123/156 MP: 33/33
 44325 | Vaults:5 | Got a silver rune of Zot
 44370 | Vaults:5 | Got an ancient silver amulet
 44371 | Vaults:5 | Identified the amulet "Edes" {+Rage rElec MR+} (You found
                  | it on level 5 of the Vaults)
 44818 | Vaults:5 | Identified the cursed +2 mace "Tefrioje" {flame, +Inv rElec
                  | rC-} (You found it on level 5 of the Vaults)
 45359 | Depths:1 | Entered Level 1 of the Depths
 45551 | Depths:1 | Reached skill level 15 in Translocations
 45595 | Depths:1 | Gained mutation: You are frail. (-10% HP) [a neqoxec]
 45637 | Depths:1 | Found a one-way gate leading to the halls of Pandemonium.
 45757 | Depths:1 | Found a gateway to Hell.
 45795 | Depths:1 | Found the +12 Vampire's Tooth {vamp}
 46247 | Depths:1 | Found a radiant altar of Vehumet.
 46247 | Depths:1 | Noticed Frederick
 46259 | Depths:1 | Killed Frederick
 47130 | Depths:2 | Reached XP level 25. HP: 136/144 MP: 35/35
 47277 | Depths:2 | Reached skill level 18 in Fighting
 47982 | Depths:2 | Noticed Aizul
 48002 | Depths:2 | Killed Aizul
 48269 | Depths:2 | Noticed Sojobo
 48288 | Depths:2 | Found a gateway to a ziggurat.
 48355 | Depths:2 | Killed Sojobo
 48370 | Depths:2 | Found Qugick's Magic Scroll Boutique.
 48383 | Depths:2 | Bought a scroll of teleportation for 45 gold pieces
 48383 | Depths:2 | Bought a scroll of teleportation for 45 gold pieces
 48383 | Depths:2 | Bought a scroll of teleportation for 45 gold pieces
 48383 | Depths:2 | Bought a scroll of teleportation for 45 gold pieces
 48512 | Depths:3 | Noticed Bai Suzhen
 48516 | Depths:3 | Killed Bai Suzhen
 48582 | Depths:3 | Noticed Margery
 48588 | Depths:3 | Killed Margery
 48787 | Depths:3 | Reached XP level 26. HP: 151/151 MP: 35/35
 49108 | Depths:3 | Paralysed by a floating eye for 4 turns
 49403 | Depths:3 | Found a runed translucent gate.
 49403 | Depths:3 | Found a runed translucent gate.
 49403 | Depths:3 | Found a runed translucent gate.
 49555 | Depths:3 | Found Udif's Jewellery Shoppe.
 49560 | Depths:3 | Found Oczog's Gadget Shop.
 49561 | Depths:3 | Found Depyadig's Jewellery Shoppe.
 49654 | Depths:3 | Noticed Xtahua
 49665 | Depths:3 | Killed Xtahua
 50130 | Depths:4 | Reached skill level 10 in Spellcasting
 50479 | Depths:4 | Found a runed translucent door.
 50771 | Depths:4 | Found a runed translucent gate.
 50772 | Depths:4 | Found a runed translucent gate.
 50773 | Depths:4 | Found a runed translucent gate.
 50777 | Depths:4 | Noticed Vaydo's ghost (veteran MiBe)
 50788 | Depths:4 | Found a corrupted altar of Lugonu.
 50788 | Depths:4 | Found a one-way gate to the infinite horrors of the Abyss.
 51272 | Depths:3 | Bought an uncursed ring of resist corrosion for 480 gold
                  | pieces
 51305 | Depths:4 | Learned a level 3 spell: Teleport Other
 51398 | Depths:5 | Entered Level 5 of the Depths
 51518 | Depths:5 | Reached XP level 27. HP: 155/155 MP: 39/39
 51546 | Depths:5 | Identified the +7 ring mail "Sontig" {rC+ rN+ Slay+2} (You
                  | found it on level 5 of the Depths)
 51700 | Depths:5 | Found Xus Dem's Distillery.
 51728 | Depths:5 | Found a gate to the Realm of Zot.
 51851 | Depths:5 | Bought a potion of might for 76 gold pieces
 51851 | Depths:5 | Bought a potion of might for 76 gold pieces
 52688 | Slime:1  | Entered Level 1 of the Pits of Slime
 52792 | Slime:1  | Learned a level 1 spell: Apportation
 53290 | Slime:2  | Paralysed by a floating eye for 4 turns
 53487 | Slime:5  | Entered Level 5 of the Pits of Slime
 53840 | Slime:5  | Noticed the Royal Jelly
 53841 | Slime:5  | Found a viscous altar of Jiyva.
 53853 | Slime:5  | Killed the Royal Jelly
 54011 | Slime:5  | Found the macabre finger necklace {rN+}
 54024 | Slime:5  | Learned a level 3 spell: Regeneration
 54039 | Slime:5  | Got an ancient graven amulet
 54040 | Slime:5  | Identified the amulet "Goxyoczu" {Reflect rElec rN+++ MP-9
                  | SH+4 SInv} (You found it on level 5 of the Pits of Slime)
 54056 | Slime:5  | Got a slimy rune of Zot
 54082 | Slime:5  | Identified the Collected Works on Shifting Stolen Souls
 54094 | Slime:5  | Identified the cursed +1 ring mail "Jixexan" {rC++ Regen+
                  | Dex-2 Stlth+} (You found it on level 5 of the Pits of
                  | Slime)
 54582 | Depths:3 | Bought the ring "Waej" {Str+4 Int-2 Dex+8 SInv Stlth+} for
                  | 1192 gold pieces
 55199 | Orc:2    | Bought a potion of mutation for 240 gold pieces
 55475 | Snake:2  | Bought a potion of heal wounds for 90 gold pieces
 55475 | Snake:2  | Bought a potion of agility for 72 gold pieces
 55475 | Snake:2  | Bought a potion of mutation for 144 gold pieces
 55475 | Snake:2  | Bought a potion of cancellation for 144 gold pieces
 55475 | Snake:2  | Bought a potion of heal wounds for 90 gold pieces
 55479 | Snake:2  | Bought a scroll of teleportation for 42 gold pieces
 55935 | Depths:4 | Voluntarily entered the Abyss.
 56049 | Abyss:1  | Paralysed by you for 2 turns
 56071 | Abyss:1  | Reached skill level 1 in Charms
 56402 | Abyss:2  | Found a corrupted altar of Lugonu.
 56474 | Abyss:2  | Reached skill level 19 in Fighting
 56501 | Abyss:2  | Found a corrupted altar of Lugonu.
 56536 | Abyss:2  | Gained mutation: You are weak. (Str -2) [a neqoxec]
 56541 | Abyss:2  | Found a corrupted altar of Lugonu.
 56571 | Abyss:2  | Identified the +1 chain mail "Dehuar" {Str+7} (You found it
                  | on level 2 of the Abyss)
 56576 | Abyss:2  | Found a corrupted altar of Lugonu.
 56971 | Abyss:3  | Reached skill level 1 in Necromancy
 57016 | Abyss:3  | Reached skill level 5 in Charms
 57023 | Abyss:3  | Got an abyssal rune of Zot
 57059 | Abyss:3  | Lost mutation: You possess an exceptional clarity of mind.
                  | [a shining eye]
 57305 | Depths:4 | Escaped the Abyss
 57395 | Hell     | Entered the Vestibule of Hell
 57395 | Hell     | Noticed Geryon
 57406 | Hell     | Killed Geryon
 57509 | Hell     | Reached skill level 5 in Necromancy
 57603 | Hell     | Found a gateway to the Iron City of Dis.
 57708 | Hell     | Learned a level 8 spell: Disjunction
 57708 | Hell     | Found a gateway to the ashen valley of Gehenna.
 57784 | Hell     | Found a gateway to the decaying netherworld of Tartarus.
 57839 | Hell     | Found a gateway to the freezing wastes of Cocytus.
 58257 | Zot:1    | Entered Level 1 of the Realm of Zot
 58299 | Zot:1    | Learned a level 5 spell: Aura of Abjuration
 59387 | Zot:2    | Noticed an ancient lich
 59394 | Zot:2    | Killed an ancient lich
 59906 | Zot:2    | Identified the +1 ring mail of the Will of the Gods {+Blink
                  | Int+3} (You found it on level 2 of the Realm of Zot)
 61235 | Zot:4    | Found a runed translucent gate.
 61235 | Zot:4    | Found an ancient bone altar of Kikubaaqudgha.
 61675 | Zot:4    | Reached skill level 1 in Summonings
 61806 | Zot:4    | Reached skill level 5 in Summonings
 61982 | Zot:4    | Noticed an ancient lich
 61982 | Zot:4    | Noticed an ancient lich
 61982 | Zot:4    | Noticed Keel's ghost (legendary GrFi)
 61983 | Zot:4    | Noticed an ancient lich
 61984 | Zot:4    | Noticed an ancient lich
 61985 | Zot:4    | Found a runed translucent gate.
 61985 | Zot:4    | Found a runed translucent gate.
 62004 | Zot:4    | Killed an ancient lich
 62006 | Zot:4    | Killed an ancient lich
 62007 | Zot:4    | Killed an ancient lich
 62015 | Zot:4    | Killed an ancient lich
 62019 | Zot:4    | Killed Keel's ghost
 62041 | Zot:4    | Identified the ring "Xarutut" {rElec Str+2 Stlth-} (You
                  | found it on level 4 of the Realm of Zot)
 62046 | Zot:4    | Identified the +2 pair of boots of Dithmenos's Vengeance
                  | {rPois rCorr Str-3 Int-2} (You found it on level 4 of the
                  | Realm of Zot)
 62283 | Zot:5    | Entered Level 5 of the Realm of Zot
 62573 | Zot:5    | Found a runed translucent door.
 62573 | Zot:5    | Noticed Cheops's ghost (legendary MiFi)
 62844 | Zot:5    | Reached skill level 10 in Summonings
 62945 | Zot:5    | Noticed an ancient lich
 62948 | Zot:5    | Killed an ancient lich
 62952 | Zot:5    | Noticed an orb of fire
 62954 | Zot:5    | Noticed an orb of fire
 62958 | Zot:5    | Gained mutation: You are clumsy. (Dex -2) [an orb of fire]
 62964 | Zot:5    | Gained mutation: You are very frail. (-20% HP) [an orb of
                  | fire]
 62969 | Zot:5    | Killed an orb of fire
 62971 | Zot:5    | Gained mutation: Your magical capacity is low. (-10% MP)
                  | [an orb of fire]
 62972 | Zot:5    | Killed an orb of fire
 62977 | Zot:5    | Noticed an ancient lich
 62978 | Zot:5    | Noticed an orb of fire
 62996 | Zot:5    | Killed an ancient lich
 62997 | Zot:5    | Killed an orb of fire
 62999 | Zot:5    | Reached skill level 15 in Spellcasting
 63051 | Zot:5    | Reached skill level 20 in Fighting
 63740 | Hell     | Lost mutation: Your movements are slightly less encumbered
                  | by armour. (ER -2) [potion of mutation]
 63740 | Hell     | Lost mutation: You are clumsy. (Dex -2) [potion of
                  | mutation]
 63740 | Hell     | Lost mutation: You are very frail. (-20% HP) [potion of
                  | mutation]
 63740 | Hell     | Gained mutation: You are very weak. (Str -4) [potion of
                  | mutation]
 63740 | Hell     | Lost mutation: Your magical capacity is low. (-10% MP)
                  | [potion of mutation]
 63740 | Hell     | Gained mutation: Armour fits poorly on your strangely
                  | shaped body. [potion of mutation]
 63740 | Hell     | Gained mutation: You have a beak for a mouth. [potion of
                  | mutation]
 63741 | Hell     | Lost mutation: You are very weak. (Str -4) [potion of
                  | mutation]
 63741 | Hell     | Lost mutation: You are frail. (-10% HP) [potion of
                  | mutation]
 63741 | Hell     | Lost mutation: You are weak. (Str -2) [potion of mutation]
 63741 | Hell     | Gained mutation: You are frail. (-10% HP) [potion of
                  | mutation]
 63741 | Hell     | Gained mutation: You evolve. [potion of mutation]
 63742 | Hell     | Lost mutation: You are frail. (-10% HP) [potion of
                  | mutation]
 63742 | Hell     | Lost mutation: You have a beak for a mouth. [potion of
                  | mutation]
 63742 | Hell     | Gained mutation: Your magical capacity is low. (-10% MP)
                  | [potion of mutation]
 63742 | Hell     | Gained mutation: Your spells are a little harder to cast,
                  | but a little more powerful. [potion of mutation]
 63742 | Hell     | Gained mutation: Your flesh is heat resistant. (rF+)
                  | [potion of mutation]
 63743 | Hell     | Lost mutation: Your magical capacity is low. (-10% MP)
                  | [potion of mutation]
 63743 | Hell     | Lost mutation: Your spells are a little harder to cast, but
                  | a little more powerful. [potion of mutation]
 63743 | Hell     | Lost mutation: Armour fits poorly on your strangely shaped
                  | body. [potion of mutation]
 63743 | Hell     | Gained mutation: You are partially covered in rugged brown
                  | scales. (AC +1, +3% HP) [potion of mutation]
 63743 | Hell     | Lost mutation: You are partially covered in rugged brown
                  | scales. (AC +1, +3% HP) [potion of mutation]
 63743 | Hell     | Gained mutation: You rapidly evolve. [potion of mutation]
 64377 | Hell     | Gained mutation: You are partially covered in iridescent
                  | scales. (AC +2) [evolution]
 65028 | Geh:1    | Entered Level 1 of Gehenna
 65982 | Geh:5    | Reached skill level 21 in Fighting
 66803 | Geh:7    | Entered Level 7 of Gehenna
 66912 | Geh:7    | Gained mutation: You are weak. (Str -2) [mutagenic glow]
 67868 | Geh:7    | Identified the +9 mace of Agony {crush, rPois Str+2}
 67933 | Geh:7    | Found the +3 salamander hide armour {+Rage rF++}
 67989 | Geh:7    | Identified the +8 scythe of Gin and Tonic {speed, Int+4
                  | Dex+4 Stlth+}
 68005 | Geh:7    | Identified the +7 sceptre of Asmodeus
 68005 | Geh:7    | Noticed Asmodeus
 68037 | Geh:7    | Killed Asmodeus
 68046 | Geh:7    | Lost mutation: You are weak. (Str -2) [evolution]
 68080 | Geh:7    | Got an obsidian rune of Zot
 68188 | Geh:7    | Identified the +5 mace "Sidodd" {crush, Dex+6}
 68304 | Tar:1    | Entered Level 1 of Tartarus
 68852 | Tar:1    | You are sucked into a shaft and drop 1 floor!
 69137 | Tar:4    | Learned a level 7 spell: Malign Gateway
 69485 | Tar:7    | Entered Level 7 of Tartarus
 69766 | Tar:7    | Noticed Ereshkigal
 69867 | Tar:7    | Killed Ereshkigal
 69922 | Tar:7    | Reached skill level 10 in Necromancy
 69957 | Tar:7    | Identified the cursed +1 hunting sling of Atharr {freeze,
                  | Stlth+} (You found it on level 7 of Tartarus)
 70042 | Tar:7    | Reached skill level 22 in Fighting
 70090 | Tar:7    | Got a bone rune of Zot
 70153 | Tar:7    | Identified the Volume of Spatial Sinister Secrets
 70259 | Tar:7    | Gained mutation: Your natural rate of healing is unusually
                  | fast. [evolution]
 70335 | Coc:1    | Entered Level 1 of Cocytus
 71208 | Coc:7    | Entered Level 7 of Cocytus
 71631 | Coc:7    | Identified the Incunabulum of the Noxious Voyage
 72176 | Coc:7    | Reached skill level 23 in Fighting
 72204 | Coc:7    | Noticed Antaeus
 72222 | Coc:7    | Killed Antaeus
 72245 | Coc:7    | Got an icy rune of Zot
 72519 | Dis:1    | Entered Level 1 of the Iron City of Dis
 72975 | Dis:3    | You are sucked into a shaft and drop 3 floors!
 73096 | Dis:6    | Gained mutation: Your magical capacity is low. (-10% MP) [a
                  | cacodemon]
 73200 | Dis:7    | Entered Level 7 of the Iron City of Dis
 73382 | Dis:7    | Gained mutation: Scrolls take you a little longer to read.
                  | [a cacodemon]
 73619 | Dis:7    | Reached skill level 15 in Summonings
 73643 | Dis:7    | Identified the amulet of the Sun {Harm *Drain rF+ rC+}
 73741 | Dis:7    | Identified the +4 staff of Dispater
 73741 | Dis:7    | Noticed Dispater
 73830 | Dis:7    | Killed Dispater
 73872 | Dis:7    | Got an iron rune of Zot
 74059 | Hell     | Learned a level 7 spell: Monstrous Menagerie
 74067 | Hell     | Learned a level 7 spell: Summon Hydra
 74167 | Pan      | Entered Pandemonium
 74244 | Pan      | Gained mutation: You have a pair of small antennae on your
                  | head. [evolution]
 74454 | Pan      | Lost mutation: Your natural rate of healing is unusually
                  | fast. [a cacodemon]
 74590 | Pan      | Noticed Loteneicw the pandemonium lord
 74600 | Pan      | Killed Loteneicw the pandemonium lord
 74680 | Pan      | Found a huge runed translucent gate.
 74681 | Pan      | Found a huge runed translucent gate.
 74682 | Pan      | Found a huge runed translucent gate.
 74682 | Pan      | Found a huge runed translucent gate.
 74682 | Pan      | Found a huge runed translucent gate.
 74682 | Pan      | Found a huge runed translucent gate.
 74682 | Pan      | Found a huge runed translucent gate.
 74702 | Pan      | Noticed Xebrumum the pandemonium lord
 74729 | Pan      | Killed Xebrumum the pandemonium lord
 74729 | Pan      | Reached skill level 24 in Fighting
 74804 | Pan      | Noticed Emosiuh the pandemonium lord
 74830 | Pan      | Killed Emosiuh the pandemonium lord
 74978 | Pan      | Entered the realm of Gloorx Vloq.
 75481 | Pan      | Noticed Gloorx Vloq
 75510 | Pan      | Killed Gloorx Vloq
 75576 | Pan      | Identified the cursed +3 morningstar "Ocesoud" {antimagic,
                  | rPois Str+4 Int+2} (You found it in Pandemonium)
 75596 | Pan      | Got a dark rune of Zot
 75726 | Pan      | Entered the realm of Cerebov.
 75734 | Pan      | Identified the +6 sword of Cerebov {flame}
 75734 | Pan      | Noticed Cerebov
 75900 | Pan      | Identified the -5 helmet of the Trees {MP+9 Str-3 Slay+2}
                  | (You found it in Pandemonium)
 75996 | Pan      | Killed Cerebov
 76029 | Pan      | Lost mutation: Scrolls take you a little longer to read.
                  | [evolution]
 76229 | Pan      | Got a warped copper ring
 76230 | Pan      | Identified the ring of Reimbursement {rC+ MP+9 Int+2 Dex+3
                  | Stlth-} (You found it in Pandemonium)
 76247 | Pan      | Identified the +1 ring mail of Royalty {Str-2 Dex+6} (You
                  | found it in Pandemonium)
 76269 | Pan      | Identified the +14 plate armour "Naacu" {rElec rCorr Int+3}
                  | (You found it in Pandemonium)
 76333 | Pan      | Got a fiery rune of Zot
 76460 | Pan      | Reached skill level 1 in Polearms
 76581 | Pan      | Reached skill level 5 in Polearms
 76592 | Pan      | Entered the realm of Mnoleg.
 76603 | Pan      | Gained mutation: You are weak. (Str -2) [a cacodemon]
 76606 | Pan      | Paralysed by a floating eye for 4 turns
 76805 | Pan      | Gained mutation: Your magical capacity is very low. (-20%
                  | MP) [a neqoxec]
 76924 | Pan      | Gained mutation: You tend to lose your temper in combat. [a
                  | neqoxec]
 76926 | Pan      | Gained mutation: Your spells are a little easier to cast,
                  | but a little less powerful. [a neqoxec]
 76966 | Pan      | Noticed Mnoleg
 76996 | Pan      | Killed Mnoleg
 77051 | Pan      | Got a glowing rune of Zot
 77165 | Pan      | Gained mutation: Armour fits poorly on your strangely
                  | shaped body. [a neqoxec]
 77221 | Pan      | Found a runed translucent door.
 77237 | Pan      | Lost mutation: You have a pair of small antennae on your
                  | head. [potion of mutation]
 77237 | Pan      | Lost mutation: You are weak. (Str -2) [potion of mutation]
 77237 | Pan      | Lost mutation: Armour fits poorly on your strangely shaped
                  | body. [potion of mutation]
 77237 | Pan      | Lost mutation: Your magical capacity is very low. (-20% MP)
                  | [potion of mutation]
 77237 | Pan      | Gained mutation: You have sharp toenails. [potion of
                  | mutation]
 77414 | Pan      | Noticed Zetekh the pandemonium lord
 77418 | Pan      | Killed Zetekh the pandemonium lord
 77452 | Pan      | Got a demonic rune of Zot
 77873 | Pan      | Noticed a seraph
 77889 | Pan      | Killed a seraph
 77950 | Pan      | Identified the +5 ring mail of Responsibility {rPois rC-
                  | rN+++}
 77950 | Pan      | Identified the amulet of Wosithurgh {rN+ MR++ Regen+}
 77975 | Pan      | Found a glowing golden altar of the Shining One.
 78007 | Pan      | Identified the Papyrus of Dislocated Boosts
 78011 | Pan      | Identified the Handbook of Supportive Combat Magic
 78021 | Pan      | Identified Zecib's Almanac of Flames and Aid
 78036 | Depths:3 | Escaped Pandemonium
 78040 | Pan      | Entered Pandemonium
 78083 | Pan      | Noticed Caon the pandemonium lord
 78090 | Pan      | Killed Caon the pandemonium lord
 78385 | Pan      | Gained mutation: Your body sometimes deteriorates upon
                  | taking damage. [a cacodemon]
 78387 | Pan      | Gained mutation: Your magical capacity is very low. (-20%
                  | MP) [a cacodemon]
 78484 | Pan      | Noticed Otadd the pandemonium lord
 78493 | Pan      | Killed Otadd the pandemonium lord
 78525 | Pan      | Found an exit through the horrors of the Abyss.
 78913 | Pan      | Entered the realm of Lom Lobon.
 78997 | Pan      | Found an exit through the horrors of the Abyss.
 79089 | Pan      | Lost mutation: Your magical capacity is very low. (-20% MP)
                  | [potion of mutation]
 79089 | Pan      | Lost mutation: Your magical capacity is low. (-10% MP)
                  | [potion of mutation]
 79089 | Pan      | Lost mutation: You tend to lose your temper in combat.
                  | [potion of mutation]
 79089 | Pan      | Gained mutation: You are partially covered in molten
                  | scales. (AC +2) [potion of mutation]
 79245 | Pan      | Noticed Lom Lobon
 79264 | Pan      | Killed Lom Lobon
 79300 | Pan      | Got a magical rune of Zot
 80379 | Pan      | Gained mutation: You are covered in fur. (AC +1)
                  | [evolution]
 80410 | Pan      | Noticed Sutuet the pandemonium lord
 80420 | Pan      | Killed Sutuet the pandemonium lord
 80868 | Pan      | Noticed Ceup the pandemonium lord
 80877 | Pan      | Killed Ceup the pandemonium lord
 81014 | Depths:3 | Escaped Pandemonium
 81294 | Crypt:1  | Entered Level 1 of the Crypt
 82292 | Crypt:2  | Noticed Gollem's ghost (veteran BaFi)
 82292 | Crypt:2  | Noticed Ticyprui's ghost (veteran MiGl)
 82293 | Crypt:2  | Noticed yalue's ghost (adept MiFi)
 82294 | Crypt:2  | Found a runed translucent gate.
 82294 | Crypt:2  | Found a runed translucent gate.
 82294 | Crypt:2  | Found a runed translucent gate.
 82517 | Crypt:2  | Noticed an ancient lich
 82521 | Crypt:2  | Killed an ancient lich
 83054 | Crypt:3  | Entered Level 3 of the Crypt
 83184 | Crypt:3  | Found a basalt altar of Yredelemnul.
 83374 | Crypt:3  | Found a staircase to the Tomb.
 83374 | Crypt:3  | Noticed an ancient lich
 83378 | Crypt:3  | Killed an ancient lich
 83393 | Crypt:3  | Found the +8 demon blade "Leech" {vamp, rN+ AC-3 EV-3}
 83549 | Crypt:3  | Identified the -2 helmet "Zydorghor" {rF+} (You found it on
                  | level 3 of the Crypt)
 83712 | Crypt:3  | Identified the +2 robe of Love and Death {rN+ rCorr Str+2
                  | Int-4}
 84014 | Tomb:1   | Entered Level 1 of the Tomb of the Ancients
 84109 | Tomb:1   | Gained mutation: Armour fits poorly on your strangely
                  | shaped body. [evolution]
 84119 | Tomb:1   | Lost mutation: Your flesh is heat resistant. (rF+) [potion
                  | of mutation]
 84119 | Tomb:1   | Lost mutation: Armour fits poorly on your strangely shaped
                  | body. [potion of mutation]
 84119 | Tomb:1   | Lost mutation: Your body sometimes deteriorates upon taking
                  | damage. [potion of mutation]
 84119 | Tomb:1   | Gained mutation: Your flesh is heat resistant. (rF+)
                  | [potion of mutation]
 84431 | Tomb:1   | Noticed a greater mummy
 84437 | Tomb:1   | Killed a greater mummy
 84522 | Tomb:1   | Noticed a greater mummy
 84528 | Tomb:1   | Killed a greater mummy
 84763 | Tomb:1   | Identified the +7 short sword "Wuborimm" {vamp, rC- Dex+6}
 84775 | Tomb:1   | Noticed a greater mummy
 84781 | Tomb:1   | Killed a greater mummy
 84781 | Tomb:1   | Reached skill level 25 in Fighting
 84789 | Tomb:1   | Reached skill level 1 in Evocations
 84802 | Tomb:1   | Noticed a greater mummy
 84810 | Tomb:1   | Killed a greater mummy
 85280 | Tomb:2   | Noticed a greater mummy
 85286 | Tomb:2   | Noticed a greater mummy
 85290 | Tomb:2   | Killed from afar by a lich

Levels and vault maps discovered:
D:1:      lightli_arrival_lavapool, layout_basic, minmay_heptomino_w4
D:2:      cheibrodos_greedy_goblins, layout_loops_cross,
          nicolae_qazlal_eye_of_the_storm,
          chequers_ecumenical_altar_simple_redux, skrybe_limestone_x
D:3:      layout_loops_ring, first_ration
D:4:      minmay_opposing_rooms, layout_cave_pools,
          minmay_temple_entry_gardened_gates, uniq_blork_the_orc, uniq_pikel,
          uniq_crazy_yiuf_cottage
D:5:      layout_gridville, yredelemnul_altar_generic, kennysheep_mini,
          serial_shops, nicolae_shop_waterfront, lemuel_statue_altar,
          uniq_menkaure
D:6:      layout_basic, fiery_altar_vehumet
D:7:      kennysheep_six_static_rooms, layout_cave_pools, roderic_batcave
D:8:      layout_layer_cave, old_standard_altar, nicolae_overflow_hidden_temple,
          dpeg_lair_monsters
D:9:      layout_irregular_city
D:10:     minmay_the_grid_octo_2x2 [minmay_the_grid_octo_checkered,
          minmay_the_grid_octo_teeth, minmay_the_grid_octo_fan_narrow,
          minmay_the_grid_octo_prize_single_spiral], layout_rooms, orc_0_dummy,
          grunt_pizzeria
D:11:     layout_roguey, basic_altar, uniq_psyche
D:12:     gammafunk_corrupted_shrine, layout_cave_pools
D:13:     layout_grid_maze, uniq_frances
D:14:     layout_basic, david_vaults_5, gauntlet_entry_generic,
          minmay_misc_feat_rugged
D:15:     grunt_enter_depths_giant_problem, layout_irregular_city,
          chequers_serial_rivers_micro_d, uniq_roxanne
Temple:   nicolae_temple_elliptical
Lair:1:   layout_gridlike, serial_bayou_ford_a,
          eino_small_chamber_without_monster, grunt_megastairs_2
Lair:2:   layout_regular_city, minmay_snake_entry_six_corridors
Lair:3:   statuecave_lemuel, layout_hall_layers, grunt_megastairs_3, uniq_sonja
Lair:4:   layout_misc_corridors, swamp_mist, basic_altar, minivault_26,
          minmay_stone_trees_medium
Lair:5:   layout_regular_city
Lair:6:   gammafunk_lair_ancient_temple, layout_cave_pods, slime_dummy,
          st_stairs_5, uniq_rupert, uniq_urug
Swamp:1:  layout_basic_swamp, serial_swamp_ruin, evilmike_swamp_ruin_house_4,
          evilmike_swamp_ruin_rubble_2
Swamp:2:  layout_basic_swamp, evilmike_swamp_ruin_house_2, swamp_pool1
Swamp:3:  layout_basic_swamp, nicolae_swamp_godswood
Swamp:4:  grunt_swamp_rune_castle, layout_basic_swamp,
          ebering_ghost_inner_flame, uniq_nikola
Snake:1:  layout_honeycomb
Snake:2:  layout_layer_cave, minmay_shop_grid_forest
Snake:3:  layout_onion
Snake:4:  minmay_snake_end_coiled, layout_rooms
Slime:1:  layout_caves, cheibrodos_slime_lost_civilization_6
Slime:2:  layout_caves
Slime:3:  layout_caves
Slime:4:  layout_caves
Slime:5
Orc:1:    layout_caves, basic_altar, uniq_snorg
Orc:2:    pubby_orc_utopia
Elf:1:    eino_elf_arrival_sip, layout_loops_corners, serial_shops, shop_statue,
          minmay_elf_annihilation
Elf:2:    layout_rooms, serial_shops, bzr_entry_gold, uniq_donald
Elf:3:    minmay_elf_hall_quartered_circle, layout_loops_corners
Vaults:1: v_misc_5, nicolae_vaults_network_barrier,
          ontoclasm_vaults_claustrophobia, v_alt_pattern_2, v_misc_5,
          nicolae_vaults_diagonal_hallway_6, nicolae_vaults_border_crossing,
          vaults_mumra_chevron_long, v_alt_pattern_1, v_misc_5,
          nicolae_vaults_specimen_jars, v_misc_13,
          nicolae_vaults_little_squares_1, layout_vaults_omnibox, serial_shops,
          bzr_entry_safe, uniq_saint_roka, uniq_asterion
Vaults:2: ontoclasm_vaults_fault, v_misc_25, v_alt_pattern_2, serial_ice_h,
          ontoclasm_vaults_pinch, layout_vaults_quadrants, serial_shops,
          shop_coins
Vaults:3: nicolae_vaults_little_squares_4, vaults_room_grid,
          blue_anna_dwarven_crypt, nicolae_vaults_inception_scallops,
          grunt_vaults_bifocal, v_misc_32, vaults_room_large_hall,
          ontoclasm_vaults_ring_square, ontoclasm_vaults_ligature,
          layout_vaults_big_cross, uniq_mara
Vaults:4: ontoclasm_vaults_spin, vaults_standard_mumra_lines, v_pattern_5,
          v_misc_18, ontoclasm_vaults_shuriken, v_misc_24, vaults_dpeg_diagonal,
          nicolae_vaults_network_quinsquares
          [nicolae_vaults_network_quincunx_subvault,
          nicolae_vaults_network_quincunx_subvault,
          nicolae_vaults_network_quincunx_subvault,
          nicolae_vaults_network_quincunx_subvault],
          nicolae_vaults_stairing_the_circle, nicolae_vaults_little_squares_5,
          ontoclasm_vaults_ring_large, vaults_room_stairs_pillars,
          v_alt_pattern_1, vaults_room_door_ring, layout_vaults_maze_bifur
Vaults:5: serial_shops
Crypt:1:  layout_regular_city, grunt_crypt_arrival_guarded_gate
Crypt:2:  layout_chaotic_city, gammafunk_ghost_cemetery,
          roderic_lattice_octagonal_star
Crypt:3:  grunt_crypt_end_deaths_head
Tomb:1
Tomb:2
Depths:1: evilmike_halls_of_destruction, layout_gridlike,
          pf_hell_entry_tar_river, grunt_pan_entry_zigzag,
          hangedman_decor_points, minivault_16, grunt_ministairs_7,
          kennysheep_diamond, minmay_guarded_unrand_vampires_tooth
Depths:2: minmay_imperfect_grid, layout_gridlike, enter_ziggurat_a,
          grunt_metal_band, minmay_misc_feat_hallway, grunt_pan_entry_sceptre,
          serial_shops, shop, infiniplex_staircase_spiral_double, uniq_sojobo,
          uniq_aizul
Depths:3: lemuel_troll_bridge, layout_basic, hell_entry, pan_entry,
          chequers_serial_rivers_room_b, pandoras_box_mu, minmay_shop_grove,
          uniq_xtahua, uniq_bai_suzhen, uniq_margery
Depths:4: minmay_spriggan_fort, layout_cave_shapes, hell_entry,
          minmay_misc_feat_encased, gammafunk_ghost_necromancy,
          abyss_entry_flame_altar, minmay_acid_items
Depths:5: grunt_zot_entry_tricorne, layout_cave_shapes, moated_statue,
          serial_shops, nicolae_shop_crystal, abyss_entry, pf_coc_iceberg,
          chequers_serial_rivers_micro_c
Hell
Dis:1:    layout_jigsaw
Dis:2:    layout_regular_city
Dis:3:    layout_jigsaw, door_vault
Dis:6:    kennysheep_iron_temple, layout_regular_city
Dis:7:    dis_st
Geh:1:    layout_gehenna_lava_caves
Geh:2:    layout_gehenna_pools_basic
Geh:3:    layout_gehenna_pools_triple
Geh:4:    layout_gehenna_pools_basic
Geh:5:    layout_gehenna_pools_triple
Geh:6:    layout_gehenna_lava_caves
Geh:7:    geh_grunt_pentagon
Coc:1:    layout_cocytus_water_paths
Coc:2:    layout_ice_bergs
Coc:3:    layout_ice_bergs
Coc:4:    layout_ice_bergs
Coc:5:    layout_cocytus_water_paths
Coc:6:    layout_cocytus_water_paths
Coc:7:    coc_mu
Tar:1:    layout_catacombs
Tar:2:    layout_honeycomb
Tar:3:    layout_honeycomb
Tar:4:    layout_grid_maze
Tar:5:    layout_grid_maze
Tar:6:    layout_grid_maze, nicolae_tar_cuneiform_sun
Tar:7:    tar_grunt_cathedral
Zot:1:    layout_cathedral_of_symmetry
Zot:2:    ebering_greatest_show_in_zot, layout_basic
Zot:3:    layout_misc_corridors, hangedman_zot_decor_slant, grunt_megastairs_4
Zot:4:    layout_twisted_circle, gammafunk_ghost_crypt
Zot:5:    layout_concentric_octagons, gammafunk_ghost_grave

Skill      XL: |  1  2  3  4  5  6  7  8  9 10 11 12 13 14 15 16 17 18 19 20 21 22 23 24 25 26 27 |
---------------+----------------------------------------------------------------------------------+-----
Axes           | 3 4 5 6 7 9 10 12 14 15 16 18 24 | 24.0
Fighting       | 3 4 8 10 12 13 14 15 16 17 18 25 | 25.0
Dodging        | 3 4 5 6 |  6.0
Armour         | 4 7 8 10 12 14 17 18 20 21 | 21.0
Invocations    | 7 8 10 11 12 14 | 14.0
Shields        | 4 11 13 15 20 | 20.0
Throwing       | 5 10 12 13 15 17 18 22 | 22.0
Spellcasting   | 3 6 7 8 12 22 | 22.0
Translocations | 3 6 10 13 14 16 17 23 | 23.0
Charms         | 8 |  8.0
Necromancy     | 13 | 13.0
Summonings     | 21 | 21.1
Polearms       | 7 |  7.0
Evocations     | 3 |  3.6
Maces & Flails | |  0.2

Action                   |  1- 3 |  4- 6 |  7- 9 | 10-12 | 13-15 | 16-18 | 19-21 | 22-24 | 25-27 || total
-------------------------+-------+-------+-------+-------+-------+-------+-------+-------+-------++-------
Melee: War axe           |   117 |   191 |   310 |   534 |   321 |       |       |       |       ||  1473
       Hand axe          |       |       |       |    17 |   197 |    75 |       |       |       ||   289
       Broad axe         |       |       |       |       |   428 |   588 |   866 |   988 |  6704 ||  9574
       Whip              |       |       |       |       |    35 |     6 |       |       |       ||    41
       Demon whip        |       |       |       |       |       |       |       |       |   254 ||   254
       Demon trident     |       |       |       |       |       |       |       |       |     2 ||     2
Throw: Throwing net      |     1 |     2 |     5 |       |       |       |       |       |       ||     8
       Dart              |       |       |    37 |    68 |    83 |     9 |     3 |     2 |     8 ||   210
       Boomerang         |       |       |    16 |       |   208 |   494 |    49 |    15 |   930 ||  1712
       Javelin           |       |       |       |       |    49 |    89 |   136 |    84 |   960 ||  1318
 Cast: Lesser Beckoning  |       |       |       |       |       |       |       |     4 |   233 ||   237
       Apportation       |       |       |       |       |       |       |       |       |   499 ||   499
       Regeneration      |       |       |       |       |       |       |       |       |   120 ||   120
       Malign Gateway    |       |       |       |       |       |       |       |       |    29 ||    29
       Controlled Blink  |       |       |       |       |       |       |       |       |    27 ||    27
       Aura of Abjuratio |       |       |       |       |       |       |       |       |    21 ||    21
       Summon Hydra      |       |       |       |       |       |       |       |       |    11 ||    11
       Disjunction       |       |       |       |       |       |       |       |       |     3 ||     3
       Monstrous Menager |       |       |       |       |       |       |       |       |     2 ||     2
Invok: Slouch            |       |       |       |     2 |     5 |     5 |     3 |     4 |     6 ||    25
       Bend Time         |       |       |       |       |     2 |     2 |       |       |       ||     4
       Step From Time    |       |       |       |       |       |     1 |       |       |       ||     1
       Temporal Distorti |       |       |       |       |       |       |       |       |     4 ||     4
 Abil: Fly               |       |       |       |       |     1 |       |       |     1 |     5 ||     7
       Stop Flying       |       |       |       |       |       |       |       |     1 |     5 ||     6
Evoke: Wand              |       |       |       |     2 |       |     6 |       |       |     9 ||    17
  Use: Scroll            |       |     5 |     3 |    11 |    21 |    13 |    16 |     3 |    58 ||   130
       Potion            |       |     1 |       |     1 |     2 |     4 |       |       |    14 ||    22
 Stab: Distracted        |       |     1 |       |       |     1 |       |     1 |       |    12 ||    15
       Held in net/web   |       |     2 |       |       |       |       |       |       |       ||     2
       Sleeping          |       |       |     2 |    11 |    17 |     4 |       |       |     6 ||    40
       Invisible         |       |       |       |       |     1 |       |       |       |       ||     1
       Confused          |       |       |       |       |       |     2 |       |       |     1 ||     3
  Eat: Chunk             |       |     6 |     8 |     9 |    16 |    14 |    15 |    11 |    44 ||   123
       Ration            |       |     1 |       |     1 |     2 |     2 |       |       |    20 ||    26
Armor: Leather armour    |    47 |   106 |    93 |       |       |       |       |       |       ||   246
       Ring mail         |       |       |    42 |   222 |   187 |       |       |       |       ||   451
       Quicksilver drago |       |       |       |       |   152 |   372 |       |       |       ||   524
       Chain mail        |       |       |       |       |       |   124 |   186 |   347 |  1278 ||  1935
       Ice dragon scales |       |       |       |       |       |       |       |       |  1402 ||  1402
Dodge: Dodged            |    74 |   145 |   161 |   298 |   487 |   406 |   168 |   259 |  2280 ||  4278
Block: Other             |       |    23 |   105 |    97 |       |       |       |       |       ||   225
       Reflection        |       |       |     1 |     1 |    38 |    68 |   130 |   101 |   220 ||   559
       Buckler           |       |       |       |   114 |   620 |   364 |       |       |       ||  1098
       Shield            |       |       |       |       |       |   268 |   820 |  1098 |  7512 ||  9698
